 Dungeon Sprint DCSS version 0.29-a0-512-gf59ac788ac (webtiles) character file.

Game seed: 14826716799675506476

28063 mhtbhm the Imperceptible (level 13, -12/101 HPs)
             Began as a Kobold Berserker on May 29, 2022.
             Was the Champion of Trog.
             Killed from afar by Lom Lobon (45 damage)
             ... with a great icy blast
             ... in the Dungeon (Sprint I: "Red Sonja").
             The game lasted 00:15:25 (4698 turns).

mhtbhm the Imperceptible (Kobold Berserker)         Turns: 4698, Time: 00:15:26

Health: -12/101    AC: 44    Str: 21    XL:     13   Next: 70%
Magic:  13/13      EV: 13    Int:  7    God:    Trog [******]
Gold:   991        SH:  0    Dex: 16    Spells: 12/12 levels left

rFire   . . .      SeeInvis +   a - +6 quick blade (flame)
rCold   + . .      Faith    .   (no shield)
rNeg    + . .      Spirit   .   b - +9 scales of the Dragon King {rPois rF+ rC+ Will+}
rPois   +          Reflect  .   k - +2 helmet "Tikeraz" {rElec SInv}
rElec   +          Harm     .   n - scarf {repulsion}
rCorr   .          Rampage  .   v - +2 pair of gloves {hurl}
Will    +++..      NoTele   +   h - +2 pair of boots "Ginepot" {Fly rF- rN+ Str+4}
Stlth   ++........              (no amulet)
HPRegen 0.26/turn               m - ring of Boiss {Drain rPois AC+4 SInv}
MPRegen 0.13/turn               q - +4 ring of protection

@: lethally poisoned (-12 -> -37), frozen, flying, hasted and slowed, repel
missiles, very slow
A: small, no large weapons, nightstalker 3, dopey 1, strong-willed 2
a: Renounce Religion, Berserk, Trog's Hand, Brothers in Arms


You were in the Dungeon.
You worshipped Trog.
Trog was exalted by your worship.
You visited 1 branch You collected 7411 gold pieces.
You spent 6420 gold pieces at shops.

Inventory:

Hand Weapons
 a - a +6 quick blade of flaming (weapon)
Missiles
 j - 3 curare-tipped darts (quivered)
Armour
 b - the +9 scales of the Dragon King (worn) {rPois rF+ rC+ Will+}
   (You bought it in a shop in the Dungeon)

   rF:        It protects you from fire.
   rC:        It protects you from cold.
   rPois:     It protects you from poison.
   Will:      It increases your willpower.
 h - the +2 pair of boots "Ginepot" (worn) {Fly rF- rN+ Str+4}
   (You found it in the Dungeon)

   Str:       It affects your strength (+4).
   rF:        It makes you vulnerable to fire.
   rN:        It protects you from negative energy.
   Fly:       It grants you flight.
 k - the +2 helmet "Tikeraz" (worn) {rElec SInv}
   (You bought it in a shop in the Dungeon)

   rElec:     It insulates you from electricity.
   SInv:      It lets you see invisible.
 n - a scarf of repulsion (worn)
 v - a +2 pair of gloves of hurling (worn)
Jewellery
 m - the ring of Boiss (left hand) {Drain rPois AC+4 SInv}
   (You bought it in a shop in the Dungeon)

   [ring of protection]

   AC:        It affects your AC (+4).
   rPois:     It protects you from poison.
   SInv:      It lets you see invisible.
   Drain:     It drains your maximum health when unequipped.
 p - a ring of flight
 q - a +4 ring of protection (right hand)
 t - a ring of fire
Wands
 i - a wand of flame (25)
 l - a wand of mindburst (9)
 x - a wand of polymorph (12)
Scrolls
 r - 3 scrolls of enchant armour
 u - a scroll of immolation
Potions
 c - 4 potions of curing
 d - 4 potions of heal wounds
 e - a potion of haste
 f - 2 potions of magic
 g - a potion of berserk rage
 s - a potion of lignification
Miscellaneous
 o - a condenser vane
 w - a lightning rod (4/4)


   Skills:
 + Level 19.7 Fighting
 + Level 20.8 Short Blades
 + Level 3.5 Throwing
 + Level 9.1 Armour
 + Level 18.3 Dodging
 + Level 22.6 Stealth
 + Level 7.1 Evocations


You had 12 spell levels left.
You didn't know any spells.
Your spell library was empty.

Dungeon Overview and Level Annotations

Branches:
Dungeon (1/1)

Altars:
Cheibriados
Dithmenos
Elyvilon
Fedhas
Gozag
Hepliaklqana
Kikubaaqudgha
Makhleb
Nemelex Xobeh
Okawaru
Qazlal
Ru
Sif Muna
Trog
Uskayaw
Vehumet
Wu Jian
Xom
Yredelemnul
Zin
The Shining One
Jiyva
Lugonu

Shops:
D [*[(?*![[=!**:(([([[[=

Annotations:
D Lom Lobon


Innate Abilities, Weirdness & Mutations

You are small and have problems with some larger weapons.
You are completely attuned to the shadows.
You are dopey. (Int -2)
You are highly strong-willed. (Will++)


Message History

You start resting.
HP restored.
You start waiting.
Done waiting.
Really fly into a travel-excluded area? [Y]es or [N]o only, please.
Really fly into a travel-excluded area?
There is an open door here.
You see here a +1 chain mail of willpower.
There is an open door here.
You see here a +0 trident.
Really fly into that cloud of foul pestilence?
Okay, then.
You start waiting.
You are engulfed in dark miasma.
Unknown command.
You are engulfed in dark miasma.
You are poisoned.
You feel yourself slow down.
You feel very sick.
Unknown command.
Lom Lobon, Demon Lord of Forbidden Knowledge comes into view.
You are engulfed in dark miasma.
You are more poisoned.
You feel extremely sick.
Lom Lobon screams, "Quit whilst thou can!"
Lom Lobon gestures at you.
Lom Lobon conjures a mighty blast of ice!
The great icy blast engulfs you!! You partially resist.
You are encased in ice.
There is an open door here.
Unknown command.
You feel yourself speed up.
You are engulfed in dark miasma.
You are more poisoned.
You feel as though you will be slow longer.
You feel extremely sick. Lom Lobon gestures at you.
Lom Lobon conjures a mighty blast of ice!
The great icy blast engulfs you!!! You partially resist.
You die...

§#..)#####...####,#≈≈≈)##(.)...##
##..?.)))).###,,^,#≈≈)≈≈########.
..:....#####^^,,####≈≈≈≈#≈≈≈≈≈#.○
(...!.##^^,,,,,^#..#'≈≈≈'≈≈.≈≈'..
.....##,^,^,°°○°#...##≈≈#≈≈≈≈≈#≈≈
.....#^,,,,,°°°°#....######'#####
######****^,&○○°#....#≈≈≈≈≈≈≈≈≈≈#
≈≈≈≈≈≈≈≈,*,,○°°○#######≈≈)≈≈≈≈≈≈≈
########**,^°°○○@○)#[.'...≈≈≈≈≈≈≈
..0..+,,,,^,°°§○#:|'))#........≈≈
************#####################


You could see Lom Lobon.

Vanquished Creatures
  A golden dragon (D)
  A deep elf master archer (D)
  A shadow dragon (D)
  3 fire giants (D)
  A lorocyproca (D)
  A deep elf annihilator (D)
  A mummy priest (D)
  2 centaur warriors (D)
  A hydra (D)
  Sonja (D)
  A deep troll (D)
  A lindwurm (D)
  2 oklob plants (D)
  2 merfolk sirens (D)
  2 gargoyles (D)
  7 unseen horrors (D)
  2 kobold demonologists (D)
  A hellwing (D)
  4 hornets (D)
  A slime creature (D)
  Sigmund (D)
  A yak (D)
  13 hogs (D)
  2 redbacks (D)
  3 floating eyes (D)
  An ogre (D)
  7 necrophages (D)
  8 jellies (D)
  Ijyb (D)
73 creatures vanquished.

Vanquished Creatures (collateral kills)
  the Lernaean hydra (D)
  8 shining eyes (D)
  4 demonic crawlers (D)
  4 floating eyes (D)
17 creatures vanquished.

Vanquished Creatures (others)
  A fire giant (D)
  A hornet (D)
  2 ballistomycete spores (D)
4 creatures vanquished.

Grand Total: 94 creatures vanquished

Notes
Turn   | Place    | Note
-------+----------+-------------------------------------------
     0 | D        | mhtbhm the Kobold Berserker began the quest for the Orb.
     0 | D        | Reached XP level 1. HP: 14/14 MP: 1/1
     1 | D        | Noticed Ijyb
    11 | D        | Killed Ijyb
    12 | D        | Reached skill level 5 in Fighting
    12 | D        | Reached XP level 2. HP: 14/21 MP: 2/2
    12 | D        | Reached XP level 3. HP: 18/26 MP: 3/3
   187 | D        | Noticed an ogre
   192 | D        | Killed an ogre
   193 | D        | Reached XP level 4. HP: 28/34 MP: 4/4
   193 | D        | Reached XP level 5. HP: 31/38 MP: 5/5
   320 | D        | Noticed Sigmund
   334 | D        | Killed Sigmund
   334 | D        | Reached ** piety under Trog
   335 | D        | Reached skill level 10 in Short Blades
   335 | D        | Reached skill level 5 in Dodging
   335 | D        | Reached skill level 1 in Stealth
   335 | D        | Reached XP level 6. HP: 41/46 MP: 6/6
   368 | D        | Found an ornate altar of the Wu Jian Council.
   369 | D        | Found a shimmering blue altar of Sif Muna.
   370 | D        | Found a radiant altar of Vehumet.
   408 | D        | Found a hazy altar of Hepliaklqana.
   408 | D        | Found a stormy altar of Qazlal.
   408 | D        | Found a hide-covered altar of Uskayaw.
   408 | D        | Found a blossoming altar of Fedhas.
   408 | D        | Noticed a yak
   409 | D        | Found Jihytov's Antique Weapon Emporium.
   409 | D        | Found a bloodstained altar of Trog.
   409 | D        | Found an opulent altar of Gozag.
   409 | D        | Found a snail-covered altar of Cheibriados.
   425 | D        | Killed a yak
   426 | D        | Reached skill level 10 in Fighting
   426 | D        | Reached skill level 2 in Stealth
   426 | D        | Reached XP level 7. HP: 6/53 MP: 7/7
   426 | D        | Found an iron altar of Okawaru.
   426 | D        | Found a sparkling altar of Nemelex Xobeh.
   426 | D        | Found a sacrificial altar of Ru.
   426 | D        | Found a glowing silver altar of Zin.
   427 | D        | Found an ancient bone altar of Kikubaaqudgha.
   427 | D        | Found a basalt altar of Yredelemnul.
   427 | D        | Found a glowing golden altar of the Shining One.
   427 | D        | Found a shadowy altar of Dithmenos.
   427 | D        | Found a white marble altar of Elyvilon.
   711 | D        | Found a burning altar of Makhleb.
   711 | D        | Found a viscous altar of Jiyva.
   711 | D        | Found a shimmering altar of Xom.
   711 | D        | Found a corrupted altar of Lugonu.
   711 | D        | Noticed a slime creature
   727 | D        | Killed a slime creature
   728 | D        | Reached skill level 3 in Stealth
   888 | D        | Noticed Sonja
   908 | D        | Killed Sonja
   908 | D        | Reached *** piety under Trog
   909 | D        | Reached skill level 5 in Armour
   909 | D        | Reached skill level 4 in Stealth
   909 | D        | Reached skill level 1 in Evocations
   909 | D        | Reached XP level 8. HP: 45/62 MP: 8/8
  1142 | D        | Found Ceah's Armour Boutique.
  1147 | D        | Bought the +2 helmet "Tikeraz" {rElec SInv} for 359 gold
                  | pieces
  1164 | D        | Noticed a deep troll
  1191 | D        | Killed a deep troll
  1192 | D        | Reached skill level 1 in Throwing
  1192 | D        | Reached skill level 5 in Stealth
  1192 | D        | Reached XP level 9. HP: 68/68 MP: 9/9
  1216 | D        | Found Innyl's Armour Emporium.
  1238 | D        | Found the +4 moon troll leather armour {Spirit, Regen++
                  | MP+5}
  1287 | D        | Noticed a kobold demonologist
  1288 | D        | Noticed a kobold demonologist
  1292 | D        | Reached skill level 15 in Short Blades
  1297 | D        | Killed a kobold demonologist
  1297 | D        | Reached **** piety under Trog
  1298 | D        | Reached skill level 6 in Stealth
  1306 | D        | Killed a kobold demonologist
  1363 | D        | Noticed a centaur warrior
  1363 | D        | Noticed a centaur warrior
  1375 | D        | Killed a centaur warrior
  1376 | D        | Reached skill level 10 in Dodging
  1376 | D        | Reached skill level 7 in Stealth
  1376 | D        | Reached XP level 10. HP: 76/76 MP: 10/10
  1388 | D        | Killed a centaur warrior
  1388 | D        | Reached ***** piety under Trog
  1442 | D        | Noticed an oklob plant
  1444 | D        | Killed an oklob plant
  1445 | D        | Reached skill level 15 in Fighting
  1445 | D        | Reached skill level 8 in Stealth
  1452 | D        | Received a gift from Trog
  1456 | D        | Reached skill level 5 in Evocations
  1483 | D        | Noticed an unseen horror
  1484 | D        | Noticed an unseen horror
  1508 | D        | Killed an unseen horror
  1509 | D        | Reached skill level 9 in Stealth
  1522 | D        | Killed an unseen horror
  1541 | D        | Received a gift from Trog
  1603 | D        | Reached skill level 10 in Stealth
  1613 | D        | Reached XP level 11. HP: 82/82 MP: 11/11
  1673 | D        | Reached ****** piety under Trog
  1680 | D        | Received a gift from Trog
  1694 | D        | Identified the +1 robe of Ahiteico {rElec rN+}
  1700 | D        | Found Nulet's Antique Armour Shoppe.
  1700 | D        | Found Ysacw's Distillery.
  1700 | D        | Found Ganom's Armour Boutique.
  1702 | D        | Found Wekutou Fusch's Jewellery Emporium.
  1702 | D        | Found Fatitt's Distillery.
  1702 | D        | Found Guesaomah's Assorted Antiques.
  1702 | D        | Found Ozxenit's General Store.
  1708 | D        | Found Jury's Book Emporium.
  1709 | D        | Bought the ring of Boiss {Drain rPois AC+4 SInv} for 458
                  | gold pieces
  1710 | D        | Found Daubbela's Weapon Shop.
  1711 | D        | Found Teun's Weapon Shoppe.
  1712 | D        | Found Yngipuga's Armour Boutique.
  1713 | D        | Found Cugicaf's Antique Armour Emporium.
  1713 | D        | Found Qotzokie's Weapon Boutique.
  1714 | D        | Found Wukhlevoq's Antique Armour Emporium.
  1720 | D        | Bought an embroidered scarf for 128 gold pieces
  1734 | D        | Bought a scroll of acquirement for 728 gold pieces
  1734 | D        | Acquired 830 gold pieces
  1739 | D        | Bought a potion of heal wounds for 95 gold pieces
  1742 | D        | Bought a potion of heal wounds for 50 gold pieces
  1811 | D        | Reached skill level 11 in Stealth
  1917 | D        | Noticed a lindwurm
  1921 | D        | Killed a lindwurm
  1921 | D        | Received a gift from Trog
  1922 | D        | Reached skill level 12 in Stealth
  2014 | D        | Reached skill level 13 in Stealth
  2025 | D        | Received a gift from Trog
  2056 | D        | Noticed a 12-headed hydra
  2058 | D        | Killed a 12-headed hydra
  2092 | D        | Noticed a daeva
  2099 | D        | Reached skill level 14 in Stealth
  2101 | D        | Reached skill level 15 in Dodging
  2117 | D        | Received a gift from Trog
  2118 | D        | Reached skill level 15 in Stealth
  2118 | D        | Reached XP level 12. HP: 90/90 MP: 12/12
  2577 | D        | Noticed a lorocyproca
  2587 | D        | Killed a lorocyproca
  2648 | D        | Paralysed by a floating eye for 4 turns
  2649 | D        | Reached skill level 16 in Stealth
  2649 | D        | Gained mutation: Armour fits poorly on your strangely
                  | shaped body. [a shining eye]
  2655 | D        | Received a gift from Trog
  2656 | D        | Reached skill level 17 in Stealth
  2657 | D        | Paralysed by a floating eye for 3 turns
  2664 | D        | Gained mutation: Your muscles are strong. (Str +2) [a
                  | shining eye]
  2668 | D        | Gained mutation: You are dopey. (Int -2) [a shining eye]
  2670 | D        | Reached skill level 18 in Stealth
  2676 | D        | Found Foakk's General Store.
  2676 | D        | Found Plog's Magic Scroll Shop.
  2676 | D        | Found Maeklaez's Armour Emporium.
  2676 | D        | Found Dyumnoh's Assorted Antiques.
  2764 | D        | Bought a ring of flight for 175 gold pieces
  2766 | D        | Bought a knobbly emerald ring for 95 gold pieces
  2791 | D        | Bought 3 scrolls labelled ONYNOETHEZ for 57 gold pieces
  2793 | D        | Lost mutation: Your muscles are strong. (Str +2) [potion of
                  | mutation]
  2793 | D        | Lost mutation: Armour fits poorly on your strangely shaped
                  | body. [potion of mutation]
  2793 | D        | Gained mutation: You are strong-willed. (Will+) [potion of
                  | mutation]
  2793 | D        | Gained mutation: You are highly strong-willed. (Will++)
                  | [potion of mutation]
  3111 | D        | Noticed a shadow dragon
  3112 | D        | Noticed a golden dragon
  3115 | D        | Killed a shadow dragon
  3117 | D        | Killed a golden dragon
  3118 | D        | Reached skill level 19 in Stealth
  3181 | D        | Found Onorem's Jewellery Shoppe.
  3200 | D        | Bought a ring of fire for 250 gold pieces
  3259 | D        | Noticed a fire giant
  3261 | D        | Noticed a fire giant
  3261 | D        | Noticed a fire giant
  3263 | D        | Noticed a fire giant
  3270 | D        | Killed a fire giant
  3270 | D        | Received a gift from Trog
  3271 | D        | Reached XP level 13. HP: 97/97 MP: 13/13
  3279 | D        | Killed a fire giant
  3280 | D        | Reached skill level 20 in Stealth
  3292 | D        | Killed a fire giant
  3308 | D        | Killed a fire giant
  3481 | D        | Noticed a deep elf annihilator
  3520 | D        | Received a gift from Trog
  3525 | D        | Reached skill level 21 in Stealth
  3539 | D        | Killed a deep elf annihilator
  3540 | D        | Identified the +2 pair of boots "Ginepot" {Fly rF- rN+
                  | Str+4}
  3564 | D        | Noticed a mummy priest
  3605 | D        | Killed a mummy priest
  3659 | D        | Received a gift from Trog
  3681 | D        | Noticed the 27-headed Lernaean hydra
  3684 | D        | Noticed a deep elf master archer
  3709 | D        | Killed the 27-headed Lernaean hydra
  3710 | D        | Reached skill level 22 in Stealth
  3782 | D        | Killed a deep elf master archer
  4220 | D        | Bought a scroll of identify for 28 gold pieces
  4223 | D        | Bought a scroll of identify for 54 gold pieces
  4226 | D        | Bought a scroll of brand weapon for 280 gold pieces
  4226 | D        | Bought a scroll of brand weapon for 280 gold pieces
  4239 | D        | Bought a +2 pair of gloves of hurling for 258 gold pieces
  4329 | D        | Bought a scroll of brand weapon for 380 gold pieces
  4344 | D        | Bought the +9 scales of the Dragon King {rPois rF+ rC+
                  | Will+} for 2745 gold pieces
  4344 | D        | Found the +9 scales of the Dragon King {rPois rF+ rC+
                  | Will+}
  4697 | D        | Noticed Lom Lobon
  4698 | D        | Killed from afar by Lom Lobon

Illustrated notes

Levels and vault maps discovered:
D:        dungeon_sprint_1 [red_sonja_temple_1, red_sonja_temple_small_1]

Skill      XL: |  1  2  3  4  5  6  7  8  9 10 11 12 13 |
---------------+----------------------------------------+-----
Fighting       | 5 7 9 10 12 13 14 15 16 18 19 | 19.7
Short Blades   | 6 8 10 11 14 16 17 18 19 20 | 20.8
Armour         | 2 3 4 5 6 7 8 9 |  9.1
Dodging        | 3 4 5 6 8 9 10 12 15 16 18 | 18.3
Stealth        | 1 2 4 5 7 10 15 19 22 | 22.6
Evocations     | 1 2 4 5 6 7 |  7.1
Throwing       | 1 2 3 |  3.5

Action                   |  1- 3 |  4- 6 |  7- 9 | 10-12 | 13-15 || total
-------------------------+-------+-------+-------+-------+-------++-------
Melee: Short sword       |    12 |    27 |    26 |       |       ||    65
       Punch             |       |     1 |     1 |     7 |     1 ||    10
       Dagger            |       |       |    34 |   253 |       ||   287
       Rapier            |       |       |       |    21 |       ||    21
       Quick blade       |       |       |       |    11 |   127 ||   138
Throw: Dart              |       |       |     3 |       |     1 ||     4
Invok: Berserk           |     2 |     1 |     5 |     4 |     4 ||    16
       Brothers in Arms  |       |       |       |     4 |     1 ||     5
Evoke: Wand              |       |       |     7 |     1 |     1 ||     9
  Use: Potion            |       |     1 |       |     2 |     2 ||     5
       Scroll            |       |       |     1 |     4 |     8 ||    13
 Stab: Sleeping          |       |     1 |       |    15 |       ||    16
       Distracted        |       |       |       |       |     2 ||     2
Armor: Animal skin       |     1 |       |       |       |       ||     1
       Troll leather arm |       |       |    16 |    71 |    28 ||   115
Dodge: Dodged            |     1 |     8 |    35 |   146 |    58 ||   248
       Repelled          |       |       |       |       |     2 ||     2

Table legend: (Time is in decaauts)
 A = Elapsed time spent in this place.
 B = Non-inter-level travel time spent in this place.
 C = Inter-level travel time spent in this place.
 D = Time resting spent in this place.
 E = Time spent auto-exploring this place.
 F = Levels seen in this place.
 G = Mean time per level.
                   A        B        C        D        E       F      G
               +--------+--------+--------+--------+--------+-----+--------+
         Total |   4560 |   4451 |    109 |   1956 |      1 |   1 | 4560.0 |
       Dungeon |   4560 |   4451 |    109 |   1956 |      1 |   1 | 4560.0 |
               +--------+--------+--------+--------+--------+-----+--------+

Top non-repeatable levels by time:
       D: 4560 daAuts
